 Dungeon Crawl Stone Soup version 0.31-a0-986-g5e6e4ef867 (webtiles) character file.

Game seed: 17702977539823238856

4192 wildpjah the Grappler (level 10, -14/87 HPs)
             Began as a Troll Shapeshifter on Nov 12, 2023.
             Was a High Priest of Ignis.
             Demolished by a two-headed ogre
             ... wielding a +0 giant club
              (22 damage)
             ... on level 7 of the Dungeon.
             The game lasted 00:10:02 (4973 turns).

wildpjah the Grappler (Troll Shapeshifter)          Turns: 4973, Time: 00:10:04

Health: -14/87     AC:  4    Str: 26    XL:     10   Next: 8%
Magic:  9/9        EV: 15    Int:  6    God:    Ignis [*****.]
Gold:   395        SH:  5    Dex: 11    Spells: 9/9 levels left

rFire   + .          .
                       - Unarmed
rCold   . . .        (no shield)
rNeg    . . .        a - +0 animal skin
rPois   .            (helmet currently unavailable)
rElec   .            (cloak currently unavailable)
rCorr   .            (gloves unavailable)
SInv    .            (boots unavailable)
Will    .....        C - amulet of reflection
Stlth   +            A - +4 ring of slaying
HPRegen 1.14/turn    u - +5 ring of evasion
MPRegen 0.11/turn

%: reflection
@: beast-form
A: beast (slay +3), large, unfitting armour, claws 3, regeneration 1, shaggy fur
1, tough skin 1
a: Begin Untransformation, Renounce Religion, Fiery Armour, Foxfire Swarm,
Rising Flame


You were on level 7 of the Dungeon.
You worshipped Ignis.
Ignis was extremely pleased with you.
You were a hulking beast.
You visited 1 branch of the dungeon, and saw 7 of its levels.

You collected 395 gold pieces.

Inventory:

Hand Weapons
 w - a +1 rapier of venom
 x - the +0 mace of the Bouncing Teeth {flame, Dex+2}
   (You took it off an orc priest on level 4 of the Dungeon)

   Dex+2:     It affects your dexterity (+2).
Missiles
 H - 2 throwing nets
Armour
 a - a +0 animal skin (worn)
Magical Staves
 v - a staff of fire
Jewellery
 f - a ring of see invisible
 u - a +5 ring of evasion (right claw)
 A - a +4 ring of slaying (left claw)
 C - an amulet of reflection (around neck)
 G - a ring of willpower
Talismans
 c - a beast talisman (active)
 d - a flux talisman
Wands
 D - a wand of flame (24) (quivered)
Scrolls
 e - a scroll of fear {unknown}
 h - 2 scrolls of noise {unknown}
 j - 8 scrolls of identify {unknown}
 k - 5 scrolls of enchant armour {unknown}
 n - a scroll of amnesia {unknown}
 o - a scroll of enchant weapon {unknown}
 p - a scroll of revelation {unknown}
 q - a scroll of fog {unknown}
 r - 5 scrolls of teleportation {unknown}
 s - a scroll of brand weapon {unknown}
 y - a scroll of silence {unknown}
 z - 2 scrolls of immolation {unknown}
 I - a scroll of poison {unknown}
Potions
 b - a potion of lignification
 g - a potion of ambrosia {unknown}
 i - a potion of brilliance {unknown}
 l - a potion of enlightenment {unknown}
 m - 3 potions of curing {unknown}
 t - 2 potions of degeneration {unknown}
 B - a potion of might {unknown}
 E - a potion of heal wounds
 F - a potion of haste {unknown}


   Skills:
 + Level 2.2 Fighting
 + Level 3.4 Dodging
 + Level 2.2 Shields
 * Level 12.2 Unarmed Combat
 + Level 0.3 Evocations
 * Level 6.7 Shapeshifting


You had 9 spell levels left.
You didn't know any spells.
Your spell library contained the following spells:

 Spells                   Type           Power      Damage    Failure   Level
 Necrotise                Necr           0%         1d4       45%         1
 Sandblast                Erth           0%         2d4       45%         1
 Blink                    Tloc           0%         N/A       58%         2
 Lesser Beckoning         Tloc           0%         N/A       58%         2
 Momentum Strike          Conj/Tloc      0%         3d8       58%         2
 Passwall                 Tmut/Erth      0%         N/A       58%         2
 Sublimation of Blood     Necr           0%         N/A       58%         2
 Wereblood                Tmut           0%         N/A       58%         2
 Stone Arrow              Conj/Erth      0%         3d7       83%         3
 Vampiric Draining        Necr           0%         2d6       83%         3
 Brom's Barrelling Bould  Conj/Erth      0%         2d3       99%         4
 Agony                    Necr           0%         N/A       100%        5
 Summon Hydra             Summ           0%         N/A       100%        7


Dungeon Overview and Level Annotations

Branches:
Dungeon (7/15)
 Temple: D:4-7

Altars:
Ashenzari
Dithmenos
Gozag
Ru
Sif Muna
Yredelemnul
The Shining One
Ignis

Shops:
D:2 *   D:5 *   D:6 :


Innate Abilities, Weirdness & Mutations

You are a hulking beast.
Your limbs bulge with bestial killing power. (Slay +3)
You are too large for most types of armour.
You have claws for hands.
Your natural rate of healing is unusually fast.
You are covered in fur. (AC +1)
You have tough skin. (AC +1)


Message History

The orc wizard hits you but does no damage.
You mangle the orc wizard!!
You kill the orc wizard!
You mangle the gargoyle!!
The gargoyle is almost destroyed.
The gargoyle hurls a stone arrow at you.
The stone arrow hits you!!
You completely miss the gargoyle.
The gargoyle is almost destroyed.
The gargoyle completely misses you.
You scratch the gargoyle but do no damage.
You claw the gargoyle.
You destroy the gargoyle!
Aiming: Throw Flame
Press: ? - help, Q - select action, (/) - cycle Shift-Dir - straight line, f - two-headed ogre
Aim: a two-headed ogre, wielding two +0 giant clubs (85% to hit)
The puff of flame hits the two-headed ogre!
The two-headed ogre is lightly wounded.
You mangle the two-headed ogre!!
The two-headed ogre is severely wounded.
A sky beast comes into view.
The two-headed ogre hits you with a +0 giant club!!!
The two-headed ogre barely misses you.
You claw the two-headed ogre!
The two-headed ogre is almost dead.
You closely miss the two-headed ogre.
The two-headed ogre is almost dead.
The two-headed ogre hits you with a +0 giant club!
* * * LOW HITPOINT WARNING * * *
The two-headed ogre barely misses you.
You completely miss the two-headed ogre.
The two-headed ogre is almost dead.
You barely miss the two-headed ogre.
The two-headed ogre is almost dead.
The sky beast hits you.
* * * LOW HITPOINT WARNING * * *
The sky beast shocks you.
* * * LOW HITPOINT WARNING * * *
The two-headed ogre hits you with a +0 giant club!!
You die...

### ..# ♣♣♣ ♣.#
..♣ ..# ♣.♣ . #.#
♣Y♣ .♣ #.# ♣h♣ .♣
#.# ♣O♣ .#.♣
#.#♣♣♣ ♣u♣#)~~~)
#....♣ ♣l..O~u~.
###♣.♣ ♣.♣#)l~~(
.# ♣.♣ ♣.♣ .#.♣ .#
♣.♣ ♣.♣ .♣ '##♣.♣
♣.♣ .♣
..#♣.♣♣♣♣♣♣♣♣♣♣♣.♣
.


You could see a cyan ugly thing, a two-headed ogre, a sky beast and an iguana.

Vanquished Creatures
  A boulder beetle (D:7)
  A cyclops (D:7)
  2 gargoyles (D:7)
  A wraith (D:7)
  A water moccasin (D:5)
  An orc warrior (D:7)
  A sky beast (D:7)
  3 ice beasts
  3 ogres
  2 black bears
  3 centaurs (D:7)
  2 kobold brigands
  A phantom (D:6)
  5 scorpions
  2 hounds
  2 jellies (D:7)
  6 orc priests
  A gnoll bouda (D:7)
  Terence (D:3)
  An iguana (D:7)
  4 orc wizards
  13 adders
  5 gnolls
  6 ufetubi
  2 dart slugs
  23 orcs
  13 bats
  2 endoplasms
  3 giant cockroaches
  3 goblins
  7 hobgoblins
  2 jackals (D:4)
  16 kobolds
  2 quokkas
  5 ball pythons
  3 frilled lizards
  4 rats
153 creatures vanquished.

Notes
Turn   | Place    | Note
-------+----------+-------------------------------------------
     0 | D:1      | wildpjah the Troll Shapeshifter began the quest for the
                  | Orb.
     0 | D:1      | Reached XP level 1. HP: 18/18 MP: 0/0
    75 | D:1      | Reached XP level 2. HP: 26/26 MP: 1/1
   469 | D:2      | Found Giwuring's General Store.
   511 | D:2      | Reached XP level 3. HP: 32/32 MP: 2/2
   833 | D:2      | Found a faded altar of an unknown god.
   836 | D:2      | Prayed at the altar of an unknown god.
   836 | D:2      | Became a worshipper of Ignis, the Dying Flame
   949 | D:3      | Noticed Terence
   954 | D:3      | Killed Terence
   955 | D:3      | Reached XP level 4. HP: 40/40 MP: 3/3
  1084 | D:3      | Reached skill level 4 in Unarmed Combat
  1887 | D:4      | Reached XP level 5. HP: 45/46 MP: 4/4
  1910 | D:4      | Reached skill level 5 in Unarmed Combat
  1969 | D:4      | Reached skill level 1 in Fighting
  2197 | D:4      | Found a sacrificial altar of Ru.
  2204 | D:4      | Found a basalt altar of Yredelemnul.
  2327 | D:4      | Identified the +0 mace of the Bouncing Teeth {flame, Dex+2}
  2330 | D:4      | Reached XP level 6. HP: 55/55 MP: 5/5
  2541 | D:4      | Reached skill level 6 in Unarmed Combat
  2817 | D:5      | Identified the "Daibus"
  2817 | D:5      | Entered Level 5 of the Dungeon
  2845 | D:5      | Reached XP level 7. HP: 25/62 MP: 6/6
  2849 | D:5      | Reached skill level 7 in Unarmed Combat
  2955 | D:5      | Found Yzxeoniy's Gadget Gallery.
  3092 | D:5      | Found a glowing golden altar of the Shining One.
  3102 | D:5      | Reached skill level 5 in Shapeshifting
  3135 | D:5      | Found a shimmering blue altar of Sif Muna.
  3215 | D:5      | Reached skill level 8 in Unarmed Combat
  3392 | D:6      | Reached XP level 8. HP: 70/70 MP: 7/7
  3501 | D:6      | Found an opulent altar of Gozag.
  3806 | D:6      | Reached skill level 9 in Unarmed Combat
  3950 | D:6      | Found a broken altar of Ashenzari.
  4090 | D:6      | Found Jetwiogh's Book Shoppe.
  4613 | D:7      | Found a shadowy altar of Dithmenos.
  4617 | D:7      | Reached skill level 1 in Shields
  4766 | D:7      | Reached skill level 10 in Unarmed Combat
  4797 | D:7      | Reached XP level 9. HP: 79/79 MP: 8/8
  4851 | D:7      | Noticed a cyclops
  4852 | D:7      | Noticed a boulder beetle
  4855 | D:7      | Killed a cyclops
  4864 | D:7      | Killed a boulder beetle
  4865 | D:7      | Reached skill level 11 in Unarmed Combat
  4889 | D:7      | Identified the +1 rapier "Vemudur" {spect, Dex+3}
  4890 | D:7      | Noticed a gargoyle
  4897 | D:7      | Killed a gargoyle
  4898 | D:7      | Reached skill level 12 in Unarmed Combat
  4902 | D:7      | Reached XP level 10. HP: 80/87 MP: 9/9
  4958 | D:7      | Noticed a gargoyle
  4958 | D:7      | Noticed a two-headed ogre
  4959 | D:7      | Noticed a cyan ugly thing
  4967 | D:7      | Killed a gargoyle
  4973 | D:7      | Demolished by a two-headed ogre

Illustrated notes

Levels and vault maps discovered:
D:1:      co_arrival_square_in_a_square_in_a_square, layout_basic
D:2:      layout_rooms, ebering_ecumenical_altar_rust, serial_shops, shop
D:3:      layout_loops_corners, minmay_misc_feat_ornament,
          minmay_misc_feat_five, uniq_terence
D:4:      layout_loops_corners, mainiacjoe_overflow_big_doors
D:5:      layout_cave_pools, led_sif_book, mainiacjoe_overflow_boulevard,
          nicolae_shop_gadgets
D:6:      layout_layer_cave, ashenzari_conservatory_becter,
          grunt_gozag_breadcrumbs, serial_shops, nicolae_shop_getting_attention,
          lexackson_kobold_supper
D:7:      nzn_winding_woodlands_large [nzn_winding_woodlands_5x5_open_star,
          nzn_winding_woodlands_5x15_jagged,
          nzn_winding_woodlands_5x5_perimeter,
          nzn_winding_woodlands_center_lodge,
          nzn_winding_woodlands_15x15_boxy_spiral,
          nzn_winding_woodlands_center_triple_pond,
          nzn_winding_woodlands_5x5_closed_star,
          nzn_winding_woodlands_5x15_garden, nzn_winding_woodlands_5x5_cross],
          layout_rooms, nicolae_dithmenos_through_a_glass_darkly,
          makhleb_grotto_becter, temple_doors_e, minmay_crystal_water

Skill      XL: |  1  2  3  4  5  6  7  8  9 |
---------------+----------------------------+-----
Shapeshifting  | 4 5 6 |  6.7
Unarmed Combat | 4 5 6 8 10 12 | 12.2
Fighting       | 1 2 |  2.2
Dodging        | 2 3 |  3.4
Shields        | 1 2 |  2.2
Evocations     | |  0.3

Action                     |  1- 3 |  4- 6 |  7- 9 | 10-12 || total
---------------------------+-------+-------+-------+-------++-------
  Melee: Unarmed           |    51 |    98 |   175 |    10 ||   334
         Punch             |       |     3 |     8 |     2 ||    13
  Evoke: Wand              |       |       |     2 |     1 ||     3
    Use: Potion            |       |       |     1 |       ||     1
   Stab: Sleeping          |     1 |     2 |     1 |       ||     4
 Armour: Animal skin       |    36 |    57 |    90 |     6 ||   189
  Dodge: Dodged            |    17 |    50 |   113 |     5 ||   185
  Block: Other             |       |       |    28 |     1 ||    29
         Reflection        |       |       |     1 |       ||     1
   Form: Beast             |       |       |     2 |       ||     2
                           |       |       |     1 |       ||     1

Table legend: (Time is in decaauts)
 A = Elapsed time spent in this place.
 B = Non-inter-level travel time spent in this place.
 C = Inter-level travel time spent in this place.
 D = Time resting spent in this place.
 E = Time spent auto-exploring this place.
 F = Levels seen in this place.
 G = Mean time per level.
                   A        B        C        D        E       F      G
               +--------+--------+--------+--------+--------+-----+--------+
         Total |   4934 |   4759 |    175 |     17 |   3944 |   7 |  704.9 |
       Dungeon |   4934 |   4759 |    175 |     17 |   3944 |   7 |  704.9 |
               +--------+--------+--------+--------+--------+-----+--------+

Top non-repeatable levels by time:
     D:6: 1196 daAuts
     D:3: 977 daAuts
     D:4: 946 daAuts
     D:5: 582 daAuts
     D:1: 465 daAuts
     D:2: 416 daAuts
     D:7: 348 daAuts
